 Dungeon Sprint DCSS version 0.29.1-2-gbd0b4ee654 (webtiles) character file.

Game seed: 14521693163610194137

9592 Zeld the Severer (level 11, -3/112 HPs)
             Began as a Minotaur Berserker on Oct 27, 2022.
             Was the Champion of Trog.
             Succumbed to poison (poison gas)
             ... in the Dungeon (Sprint VII: "The Pits").
             The game lasted 00:03:18 (2532 turns).

Zeld the Severer (Minotaur Berserker)               Turns: 2532, Time: 00:03:19

Health: -3/112     AC: 21    Str: 26    XL:     11   Next: 25%
Magic:  10/10      EV: 15    Int:  4    God:    Trog [******]
Gold:   0          SH:  0    Dex: 10    Spells: 10/10 levels left

rFire   . . .      SeeInvis .   a - +4 executioner's axe
rCold   . . .      Faith    .   (shield currently unavailable)
rNeg    . . .      Spirit   .   b - +0 plate armour
rPois   .          Reflect  .   (helmet restricted)
rElec   .          Harm     .   o - +0 cloak
rCorr   .          Rampage  .   (no gloves)
Will    ++...      NoTele   +   (no boots)
Stlth   ..........              (no amulet)
HPRegen 1.28/turn               k - +3 ring of evasion
MPRegen 0.12/turn               l - +3 ring of protection

@: lethally poisoned (-3 -> -48), strong-willed, on berserk cooldown,
regenerating, slowed, very slow
A: horns 2, retaliatory headbutt
a: Renounce Religion, Berserk, Trog's Hand, Brothers in Arms


You were in the Dungeon.
You worshipped Trog.
Trog was exalted by your worship.
You visited 1 branch

Inventory:

Hand Weapons
 a - a +4 executioner's axe (weapon)
 q - a +5 battleaxe of flaming
Armour
 b - a +0 plate armour (worn)
 o - a +0 cloak (worn)
Jewellery
 k - a +3 ring of evasion (left hand)
 l - a +3 ring of protection (right hand)
Wands
 r - a wand of flame (22)
Scrolls
 h - a scroll of blinking
 j - a scroll of summoning
Potions
 c - 8 potions of curing
 d - 12 potions of heal wounds
 e - a potion of haste
 f - 4 potions of magic
 g - 3 potions of berserk rage
 i - 2 potions of invisibility
 m - 2 potions of might
 n - a potion of resistance
 p - a potion of mutation


   Skills:
 + Level 15.3 Fighting
 * Level 20.7 Axes
 + Level 15.1 Armour
 + Level 13.9 Dodging


You had 10 spell levels left.
You didn't know any spells.
Your spell library was empty.

Dungeon Overview and Level Annotations

Branches:
Dungeon (1/1)

Altars:
Ashenzari
Cheibriados
Dithmenos
Elyvilon
Fedhas
Gozag
Hepliaklqana
Kikubaaqudgha
Makhleb
Nemelex Xobeh
Okawaru
Qazlal
Ru
Sif Muna
Trog
Uskayaw
Vehumet
Wu Jian
Xom
Yredelemnul
Zin
The Shining One
Jiyva
Lugonu


Innate Abilities, Weirdness & Mutations

You have a pair of horns on your head.
You reflexively headbutt those who attack you in melee.


Message History

The green draconian tail-slaps you but does no damage.
Unknown command.
You slice the green draconian!! You headbutt the green draconian!
The green draconian is severely wounded.
You feel sick. The green draconian closely misses you. You furiously retaliate!
You headbutt the green draconian. The green draconian closely misses you.
Unknown command.
You hit the green draconian.
The green draconian is almost dead.
You feel sick.
The green draconian hits you with a +2 vorpal dire flail!
The green draconian tail-slaps you.
You are more poisoned.
The green draconian poisons you!
You hit the green draconian but do no damage.
The green draconian is almost dead.
You feel extremely sick.
The green draconian breathes poison at you.
The blast of poison engulfs you.
You are more poisoned.
The green draconian misses you.
The green draconian tail-slaps you but does no damage.
You slash the green draconian!
You kill the green draconian!
Trog accepts your kill. Trog grants you a weapon!
Something appears at your feet!
You see here a +7 antimagic quick blade.
You are engulfed in poison gas.
You are lethally poisoned!
* * * LOW HITPOINT WARNING * * *
You feel extremely sick.
Your Armour skill increases to level 15!
Unknown command.
Your skin crawls.
You feel strong-willed.
You are engulfed in poison gas.
You are more poisoned.
* * * LOW HITPOINT WARNING * * *
You die...

##''######
##''################ ####
##..#..............###..#
##..##............).#..##
##..####...#'######)).##
##))#..#####.##...##'##
##..#....##...#○..#○○.#
##.÷'.....#...#○°○#...#
##..'.....'...+°@°'...+
##..'.....#...#☼§☼#†..#
##..#....##...#...#☼○.#
##..#..#####)##...##'##
##..####..)#'######...##
##..##....).)....÷..#..##
##..#.....))[......###..#
#################### ####


There were no monsters in sight!

Vanquished Creatures
  A green draconian (D)
  Josephine (D)
  A two-headed ogre (D)
  Sonja (D)
  A sixfirhy (D)
  A sea snake (D)
  Pikel (D)
  A bog body (D)
  A wolf spider (D)
  An orc knight (D)
  An unseen horror (D)
  A demonic crawler (D)
  A yaktaur (D)
  A troll (D)
  5 blink frogs (D)
  4 dream sheep (D)
  A jumping spider (D)
  3 wraiths (D)
  An acid dragon (D)
  A floating eye (D)
  An orc warrior (D)
  2 ice beasts (D)
  A black bear (D)
  A wolf (D)
  2 centaurs (D)
  A lemure (D)
  A phantom (D)
  A hound (D)
  A quasit (D)
  An iron imp (D)
  An orc wizard (D)
  2 adders (D)
  A gnoll (D)
  2 river rats (D)
  2 orcs (D)
  A bat zombie (D)
  A goblin (D)
  10 jackals (D)
  3 ball pythons (D)
  A frilled lizard (D)
  A kobold (D)
66 creatures vanquished.

Notes
Turn   | Place    | Note
-------+----------+-------------------------------------------
     0 | D        | Zeld the Minotaur Berserker began the quest for the Orb.
     0 | D        | Reached XP level 1. HP: 19/19 MP: 0/0
     8 | D        | Noticed a floating eye
    11 | D        | Killed a floating eye
    12 | D        | Reached skill level 5 in Fighting
    12 | D        | Reached skill level 7 in Axes
    12 | D        | Reached skill level 5 in Armour
    12 | D        | Reached XP level 2. HP: 30/30 MP: 1/1
    12 | D        | Reached XP level 3. HP: 37/37 MP: 2/2
    12 | D        | Reached XP level 4. HP: 44/44 MP: 3/3
    15 | D        | Found a bloodstained altar of Trog.
    15 | D        | Found a shimmering blue altar of Sif Muna.
    15 | D        | Found a viscous altar of Jiyva.
    15 | D        | Found a hazy altar of Hepliaklqana.
    15 | D        | Found an opulent altar of Gozag.
    17 | D        | Found a glowing golden altar of the Shining One.
    17 | D        | Found a glowing silver altar of Zin.
    17 | D        | Found a basalt altar of Yredelemnul.
    17 | D        | Found a shimmering altar of Xom.
    17 | D        | Found an ornate altar of the Wu Jian Council.
    17 | D        | Found a sacrificial altar of Ru.
    17 | D        | Found a stormy altar of Qazlal.
    17 | D        | Found an iron altar of Okawaru.
    17 | D        | Found a sparkling altar of Nemelex Xobeh.
    17 | D        | Found a burning altar of Makhleb.
    17 | D        | Found a blossoming altar of Fedhas.
    17 | D        | Found a white marble altar of Elyvilon.
    17 | D        | Found a shadowy altar of Dithmenos.
    17 | D        | Found a snail-covered altar of Cheibriados.
    18 | D        | Found a radiant altar of Vehumet.
    18 | D        | Found a corrupted altar of Lugonu.
    19 | D        | Found a hide-covered altar of Uskayaw.
    19 | D        | Found an ancient bone altar of Kikubaaqudgha.
    19 | D        | Found a broken altar of Ashenzari.
    58 | D        | Reached ** piety under Trog
   124 | D        | Reached *** piety under Trog
   142 | D        | Reached skill level 8 in Axes
   142 | D        | Reached skill level 5 in Dodging
   146 | D        | Reached **** piety under Trog
   147 | D        | Reached XP level 5. HP: 51/51 MP: 4/4
   345 | D        | Noticed a wolf
   354 | D        | Reached skill level 9 in Axes
   366 | D        | Killed a wolf
   367 | D        | Reached skill level 10 in Axes
   368 | D        | Reached ***** piety under Trog
   369 | D        | Reached XP level 6. HP: 35/61 MP: 5/5
   676 | D        | Noticed a yaktaur
   683 | D        | Killed a yaktaur
   684 | D        | Reached skill level 12 in Axes
   684 | D        | Reached XP level 7. HP: 57/69 MP: 6/6
   825 | D        | Noticed Pikel
   848 | D        | Killed Pikel
   849 | D        | Reached skill level 10 in Fighting
   849 | D        | Reached skill level 13 in Axes
   849 | D        | Reached XP level 8. HP: 45/79 MP: 7/7
   995 | D        | Noticed a two-headed ogre
  1001 | D        | Killed a two-headed ogre
  1001 | D        | Received a gift from Trog
  1002 | D        | Reached skill level 14 in Axes
  1002 | D        | Reached skill level 10 in Armour
  1003 | D        | Reached skill level 15 in Axes
  1003 | D        | Reached skill level 10 in Dodging
  1174 | D        | Noticed a blink frog
  1174 | D        | Noticed a blink frog
  1174 | D        | Noticed a blink frog
  1174 | D        | Noticed a blink frog
  1174 | D        | Noticed a blink frog
  1184 | D        | Killed a blink frog
  1185 | D        | Reached XP level 9. HP: 88/89 MP: 8/8
  1200 | D        | Reached skill level 16 in Axes
  1466 | D        | Noticed a wolf spider
  1469 | D        | Noticed a demonic crawler
  1471 | D        | Received a gift from Trog
  1473 | D        | Killed a wolf spider
  1474 | D        | Reached skill level 17 in Axes
  1476 | D        | Killed a demonic crawler
  1737 | D        | Noticed an orc knight
  1741 | D        | Noticed a bog body
  1745 | D        | Killed a bog body
  1745 | D        | Reached ****** piety under Trog
  1745 | D        | Received a gift from Trog
  1746 | D        | Reached XP level 10. HP: 101/101 MP: 9/9
  1749 | D        | Reached skill level 18 in Axes
  1749 | D        | Killed an orc knight
  1775 | D        | Received a gift from Trog
  2005 | D        | Noticed a sea snake
  2019 | D        | Killed a sea snake
  2020 | D        | Reached skill level 19 in Axes
  2368 | D        | Noticed Sonja
  2368 | D        | Noticed Josephine
  2374 | D        | Received a gift from Trog
  2375 | D        | Killed Sonja
  2382 | D        | Killed Josephine
  2383 | D        | Reached skill level 20 in Axes
  2383 | D        | Reached XP level 11. HP: 111/111 MP: 10/10
  2513 | D        | Noticed a sixfirhy
  2518 | D        | Killed a sixfirhy
  2519 | D        | Reached skill level 15 in Fighting
  2523 | D        | Noticed a green draconian
  2531 | D        | Killed a green draconian
  2531 | D        | Received a gift from Trog
  2532 | D        | Reached skill level 15 in Armour
  2532 | D        | Succumbed to poison (poison gas)

Illustrated notes

Levels and vault maps discovered:
D:        pitsprint [storerooms_1, entrance_room_1, metal_vault_1, armoury_2,
          mini_pit_1, grid_room_1, main_hall_1, silver_pit, the_coven_3,
          the_vestibule_1, steel_vault_2, golden_pit, hallway_of_sentries,
          crystal_vault_6, iron_vault_2, final_vault]

Skill      XL: |  1  2  3  4  5  6  7  8  9 10 11 |
---------------+----------------------------------+-----
Fighting       | 5 6 7 8 10 11 13 14 15 | 15.3
Axes           | 7 8 10 12 13 15 17 20 | 20.7
Armour         | 5 7 8 9 11 13 14 15 | 15.1
Dodging        | 4 5 6 7 9 10 11 13 | 13.9

Action                   |  1- 3 |  4- 6 |  7- 9 | 10-12 || total
-------------------------+-------+-------+-------+-------++-------
Melee: Hand axe          |     2 |    50 |    29 |       ||    81
       Headbutt          |     1 |     7 |    10 |     9 ||    27
       Punch             |     1 |       |       |       ||     1
       Battleaxe         |       |       |    25 |       ||    25
       Executioner's axe |       |       |     7 |    55 ||    62
Invok: Berserk           |       |     2 |     4 |     2 ||     8
       Trog's Hand       |       |       |       |     1 ||     1
Armor: Animal skin       |       |     4 |       |       ||     4
       Chain mail        |       |    13 |    30 |     6 ||    49
       Plate armour      |       |       |       |    18 ||    18
Dodge: Dodged            |       |    30 |    45 |    27 ||   102
